[Event "Titled Tuesday Blitz April 18 Late 2023"]
[White "Gonzalez, Francisco Silva"]
[Black "angelgab3"]
[WhiteFideId "1512285"]
[WhiteElo "2074"]
[BlackElo "2525"]
[Result "1-0"]
[Round "07"]
[TimeControl "180+2"]
[Date "2023.04.18"]
[WhiteClock "0:00:43"]
[BlackClock "0:00:05"]

1. d4 Nf6 2. c4 e6 3. Nc3 d5 4. Bg5 dxc4 5. e3 c5 6. Bxc4 cxd4 7. exd4 Be7 8. Nf3 a6 9. a3 b5 10. Ba2 Bb7 11. O-O O-O 12. Qe2 Nbd7 13. Rad1 Nb6 14. Ne5 Nbd5 15. Rd3 h6 16. Bxh6 gxh6 17. Rg3+ Kh8 18. Qd2 Ng8 19. Ne4 f5 20. Rh3 f4 21. Bb1 Rf5 22. g4 Rxe5 23. dxe5 Kg7 24. Qd3 Qc7 25. Nd6 Kf8 26. Nxb7 Qxb7 27. Qg6 Qd7 28. Rxh6 Nxh6 29. Qxh6+ Ke8 30. Bg6+ Kd8 31. Qh8+ Kc7 32. Qxa8 Kb6 33. Be8 Qc7 34. a4 f3 35. axb5 axb5 36. Ra1 Qb7 37. Qa5+ Kc5 38. Rd1 Qb6 39. Qxb6+ Kxb6 40. Bf7 Nc7 41. Rd7 Bg5 42. Rxc7 Kxc7 43. Bxe6 Bf4 44. h4 Bxe5 45. h5 Bxb2 46. Bd5 Kd6 47. Bxf3 Bc1 48. Bd1 Ke5 49. Kg2 b4 50. Kg3 Bg5 51. Bc2 Bh6 52. Kf3 Bf4 53. Ke2 Bg5 54. Kd3 Kf4 55. Bd1 Ke5 56. Kc4 Bd2 57. Bc2 Kf6 58. Kd3 Bf4 59. Ke4 Bc1 60. f4 1-0


[Site "https://www.chess.com"]

[Event "Titled Tuesday Blitz April 18 Late 2023"]
[White "Graif, William"]
[Black "Ansh M Shah"]
[WhiteFideId "2609835"]
[BlackFideId "25033379"]
[WhiteElo "2205"]
[BlackElo "2084"]
[Result "1-0"]
[Round "07"]
[TimeControl "180+2"]
[Date "2023.04.18"]
[WhiteClock "0:00:17"]
[BlackClock "0:00:01"]

1. e4 c6 2. d4 d5 3. Nc3 dxe4 4. Bc4 Nf6 5. f3 exf3 6. Nxf3 Bf5 7. O-O e6 8. Ng5 Bg6 9. Bxe6 fxe6 10. Nxe6 Qd7 11. Bg5 Qxe6 12. Bxf6 gxf6 13. Re1 Qxe1+ 14. Qxe1+ Kd8 15. Qf2 Nd7 16. Kh1 Bd6 17. d5 Kc7 18. dxc6 bxc6 19. Rd1 Be5 20. Qe2 Bxc3 21. bxc3 Rhe8 22. Qd2 Rad8 23. Qd6+ Kb7 24. Rb1+ Nb6 25. Qxf6 Bxc2 26. Rc1 Rd7 27. h3 Be4 28. Qg5 Bd5 29. Rc2 Rg8 30. Qe3 Rxg2 31. Rxg2 Rg7 32. Kg1 Rxg2+ 33. Kf1 Rg7 34. Qe5 Rf7+ 35. Ke1 Nc4 36. Qd4 Re7+ 37. Kd1 Nb6 38. a3 Rd7 39. Qf6 Bg2+ 40. Kc1 Bxh3 41. Qh4 Be6 42. a4 a5 43. Qg5 Bd5 44. Qf4 Rf7 45. Qd4 h5 46. Qc5 Rh7 47. Qxa5 h4 48. Qb4 Kc7 49. a5 Nc8 50. Qf4+ Kb7 51. Qb4+ Ka6 52. c4 Be4 53. Qb8 Rh8 54. Qe5 Rh7 55. Qxe4 1-0


[Site "https://www.chess.com"]

[Event "Titled Tuesday Blitz April 18 Late 2023"]
[White "Hoffmann, Asa"]
[Black "Jimenez Almeida, Luis David"]
[WhiteFideId "2001470"]
[BlackFideId "22242244"]
[WhiteElo "2117"]
[BlackElo "2245"]
[Result "1-0"]
[Round "07"]
[TimeControl "180+2"]
[Date "2023.04.18"]
[WhiteClock "0:00:41"]
[BlackClock "0:01:01"]

1. d4 g6 2. e4 c6 3. Be3 Na6 4. Nc3 Nc7 5. f3 Bg7 6. Qd2 d6 7. Be2 b5 8. a3 a5 9. h4 h5 10. Nh3 Nf6 11. Ng5 e5 12. dxe5 Nd7 13. exd6 Na6 14. Bd4 Ne5 15. f4 f6 16. fxe5 fxg5 17. Qxg5 Qxg5 18. hxg5 Be6 19. O-O-O O-O 20. Rhf1 c5 21. Be3 Rxf1 22. Bxf1 b4 23. Nd5 Bxe5 24. Bxa6 Rxa6 25. Nc7 Rc6 26. Nxe6 Bxd6 27. Nd8 Ra6 28. a4 c4 29. Nb7 Be5 30. Rd5 Bg3 31. Rxa5 Re6 32. Nc5 Re5 33. Ra6 c3 34. bxc3 bxc3 35. Rxg6+ Kf7 36. Rf6+ Ke7 37. Kb1 h4 38. Ka2 Kd8 39. Kb3 Be1 40. g6 Re7 41. Rf7 Re8 42. g7 1-0


[Site "https://www.chess.com"]

[Event "Titled Tuesday Blitz April 18 Late 2023"]
[White "EsmeraldasAnderson03"]
[Black "Tokman, Ariel"]
[BlackFideId "117420"]
[WhiteElo "2382"]
[BlackElo "2263"]
[Result "1-0"]
[Round "07"]
[TimeControl "180+2"]
[Date "2023.04.18"]
[WhiteClock "0:00:09"]
[BlackClock "0:00:01"]

1. d4 c6 2. c4 d5 3. cxd5 cxd5 4. Nc3 Nf6 5. Nf3 Nc6 6. Bf4 a6 7. e3 g6 8. Be2 Bg7 9. O-O O-O 10. Ne5 Bd7 11. Rc1 e6 12. Na4 Nxe5 13. Bxe5 Bxa4 14. Qxa4 Ne4 15. Bxg7 Kxg7 16. Bd3 Nd6 17. Qb4 Qd7 18. g3 Rfc8 19. Qb6 Nc4 20. Bxc4 dxc4 21. b3 c3 22. Rc2 Qb5 23. Qxb5 axb5 24. b4 Rc4 25. Rb1 Ra4 26. Rb3 Rxa2 27. Rxa2 c2 28. Rxc2 Rxc2 29. Kg2 Kf6 30. Kf3 Ke7 31. Ra3 Rb2 32. Ra7 Rxb4 33. Rxb7+ Kf6 34. h4 h5 35. Ke4 Rb2 36. f3 Rg2 37. Kf4 Rb2 38. e4 b4 39. e5+ Kg7 40. d5 exd5 41. e6 Kf6 42. exf7 Kg7 43. Ke5 b3 44. Kd4 Rf2 45. Rxb3 Kxf7 46. Kxd5 Rg2 47. f4 Kf6 48. Ke4 Re2+ 49. Kf3 Re6 50. Rb5 Rd6 51. Ke4 Rd1 52. Kf3 Rd3+ 53. Kg2 Rc3 54. Kh3 Kg7 55. Rg5 Kh6 56. Re5 Rf3 57. Re6 Rf2 58. Rd6 Kg7 59. Rd5 Kh6 60. Rd1 Kg7 61. Rg1 Kh6 62. Rg2 Rf1 63. Re2 Rf3 64. Kg2 Rd3 65. Re6 Kg7 66. Rb6 Rd5 67. Kf3 Rf5 68. Kf2 Rd5 69. Kf3 Rf5 70. Ke4 Ra5 71. Rb3 Ra4+ 72. Kf3 Ra5 73. Rb6 Ra3+ 74. Kg2 Ra2+ 75. Kg1 Ra4 76. Rb5 Ra2 77. Rg5 Kh6 78. Re5 Ra3 79. Kg2 Ra2+ 80. Kh3 Ra3 81. Rg5 Ra4 82. f5 gxf5 83. Rxf5 Kg6 84. Rg5+ Kh6 85. Rb5 Ra3 86. Rb6+ Kh7 87. Kg2 Rc3 88. Kf2 Rd3 89. Re6 Rc3 90. Re3 Rc4 91. Kf3 Rd4 92. Re4 Rd1 93. Kf4 Rd5 94. Re5 Rd3 95. Rxh5+ Kg6 96. Re5 Kf6 97. g4 Rh3 98. h5 Rh4 99. Ra5 Kg7 100. Ra6 Rh1 101. Kg5 Rg1 102. Ra7+ Kh8 103. Kh6 Rxg4 104. Ra8+ Rg8 105. Ra7 Rg7 106. Ra8+ Rg8 107. Ra6 Rg7 108. Rg6 Rh7+ 109. Kg5 Rg7 110. Kf6 Rg8 111. Rh6# 1-0


[Site "https://www.chess.com"]

[Event "Titled Tuesday Blitz April 18 Late 2023"]
[White "TheKnightOfBosnia"]
[Black "Pesotskiy, Mikhail"]
[BlackFideId "34164453"]
[WhiteElo "2503"]
[BlackElo "2131"]
[Result "0-1"]
[Round "07"]
[TimeControl "180+2"]
[Date "2023.04.18"]
[WhiteClock "0:00:05"]
[BlackClock "0:00:31"]

1. e4 e6 2. d4 d5 3. Nd2 Be7 4. Ngf3 Nf6 5. Bd3 Nfd7 6. exd5 exd5 7. O-O O-O 8. Re1 c5 9. c3 Nc6 10. Nf1 Bf6 11. Ng3 g6 12. Bh6 Re8 13. Rxe8+ Qxe8 14. dxc5 Nxc5 15. Bb5 Be6 16. Bg5 Bg7 17. Nd4 a6 18. Bxc6 bxc6 19. Be3 Ne4 20. Nxe4 dxe4 21. Qa4 Bd5 22. Rd1 c5 23. Qxe8+ Rxe8 24. Nb3 Bxb3 25. axb3 Bf8 26. Bf4 Be7 27. Rd7 Rd8 28. Rxd8+ Bxd8 29. Kf1 f5 30. Ke2 Kf7 31. Bd6 Bb6 32. b4 c4 33. Bf4 Ke6 34. Be3 Bc7 35. g3 Kd5 36. f3 Bd8 37. Bd4 h5 38. h3 Bg5 39. Be3 Bxe3 40. Kxe3 exf3 41. Kxf3 g5 42. Ke3 Ke5 43. Kf3 f4 44. gxf4+ gxf4 45. Kf2 Ke4 46. Ke2 f3+ 47. Kf2 h4 48. Kf1 Ke3 49. Ke1 f2+ 50. Kf1 Kf3 51. b5 axb5 52. b4 cxb3 53. c4 b2 54. cxb5 b1=Q# 0-1


[Site "https://www.chess.com"]

[Event "Titled Tuesday Blitz April 18 Late 2023"]
[White "Sonnenschein, Philipp"]
[Black "Ward, Ieuan C"]
[WhiteFideId "16250877"]
[BlackFideId "406627"]
[WhiteElo "2224"]
[BlackElo "2332"]
[Result "1-0"]
[Round "07"]
[TimeControl "180+2"]
[Date "2023.04.18"]
[WhiteClock "0:00:13"]
[BlackClock "0:00:06"]

1. e4 e5 2. Nf3 Nc6 3. Bb5 a6 4. Ba4 Nf6 5. O-O Be7 6. Re1 b5 7. Bb3 O-O 8. a4 b4 9. a5 d6 10. d3 h6 11. Nbd2 Bg4 12. h3 Be6 13. Bxe6 fxe6 14. Nb3 Nd7 15. d4 exd4 16. Nbxd4 Nxd4 17. Nxd4 Nc5 18. Qg4 Rf6 19. e5 dxe5 20. Nc6 Qf8 21. Nxe7+ Qxe7 22. Rxe5 Raf8 23. Be3 Nd7 24. Re4 c5 25. Re1 Qf7 26. Qe2 Rg6 27. Rf4 Qe7 28. Rxf8+ Qxf8 29. Kf1 Qa8 30. f3 Rf6 31. Bf2 Kf7 32. Qc4 Qc6 33. Bh4 g5 34. Bf2 Rf4 35. Qd3 Nf6 36. Qd8 Qb5+ 37. Kg1 Qc6 38. Rd1 Nd5 39. Qh8 Kg6 40. Bg3 Rf7 41. Be5 Nf6 42. Rd8 1-0


[Site "https://www.chess.com"]

[Event "Titled Tuesday Blitz April 18 Late 2023"]
[White "Ronka, Erik"]
[Black "lluiss"]
[WhiteFideId "505080"]
[WhiteElo "2264"]
[BlackElo "2316"]
[Result "1-0"]
[Round "07"]
[TimeControl "180+2"]
[Date "2023.04.18"]
[WhiteClock "0:00:41"]
[BlackClock "0:00:10"]

1. e4 c5 2. Nf3 d6 3. d4 cxd4 4. Nxd4 Nf6 5. Nc3 g6 6. Be3 Bg7 7. f3 O-O 8. Qd2 Nc6 9. Bc4 Bd7 10. Bb3 Nxd4 11. Bxd4 b5 12. a4 bxa4 13. Bxa4 Bxa4 14. Nxa4 Qc7 15. O-O Rfc8 16. Rfc1 Nd7 17. c4 Nc5 18. Bxg7 Kxg7 19. b4 Nxa4 20. Rxa4 Qb6+ 21. Qf2 Qxf2+ 22. Kxf2 a6 23. Ke3 Rab8 24. Kd3 Rb6 25. c5 dxc5 26. Rxc5 Rd8+ 27. Rd5 Rdb8 28. Kc4 e6 29. Rda5 Rc8+ 30. Kb3 Rc1 31. Kb2 Rc4 32. Kb3 Rc1 33. Ra1 Rxa1 34. Rxa1 g5 35. Ra5 Kf6 36. Kc4 Rc6+ 37. Rc5 Rb6 38. Rc7 h6 39. Rc5 Kg6 40. Kb3 f5 41. exf5+ exf5 42. Ka4 Re6 43. Ka5 h5 44. Rc8 h4 45. Ra8 h3 46. gxh3 Re2 47. Rxa6+ Kh5 48. Rf6 f4 49. h4 Rxh2 50. hxg5 Kxg5 51. Rc6 Ra2+ 52. Kb6 Kh4 53. Rc3 Rb2 54. b5 Kg3 55. Kc5 Re2 56. b6 Re3 57. Rxe3 fxe3 58. b7 e2 59. b8=Q+ Kf2 60. Qb1 1-0


[Site "https://www.chess.com"]

[Event "Titled Tuesday Blitz April 18 Late 2023"]
[White "Mihajlovskij"]
[Black "Hajiyev, Kanan"]
[BlackFideId "13404148"]
[WhiteElo "2291"]
[BlackElo "2103"]
[Result "1-0"]
[Round "07"]
[TimeControl "180+2"]
[Date "2023.04.18"]
[WhiteClock "0:01:01"]
[BlackClock "0:00:26"]

1. e4 c6 2. d4 d5 3. e5 c5 4. c3 cxd4 5. cxd4 Nc6 6. Nc3 Bf5 7. g4 Bg6 8. Nge2 e6 9. Nf4 Bb4 10. h4 h5 11. Nxg6 fxg6 12. Bb5 Qb6 13. Ba4 Ne7 14. Bg5 O-O-O 15. Bxc6 Qxc6 16. Rc1 Kb8 17. a3 Bxc3+ 18. Rxc3 Qd7 19. Bxe7 Qxe7 20. g5 Rhf8 21. Qe2 Rc8 22. Rhh3 Rxc3 23. Rxc3 Rf4 24. Qc2 Re4+ 25. Kf1 a6 26. Rc8+ Ka7 27. Rc7 Qf8 28. Qc6 1-0


[Site "https://www.chess.com"]

[Event "Titled Tuesday Blitz April 18 Late 2023"]
[White "Coelho, Ramyres Santana"]
[Black "Petrovic, Aleksa"]
[WhiteFideId "2120690"]
[BlackFideId "967629"]
[WhiteElo "1888"]
[BlackElo "2309"]
[Result "0-1"]
[Round "07"]
[TimeControl "180+2"]
[Date "2023.04.18"]
[WhiteClock "0:01:25"]
[BlackClock "0:00:39"]

1. e4 c6 2. d4 d5 3. Nc3 dxe4 4. Nxe4 Bf5 5. Ng3 Bg6 6. Nf3 e6 7. h4 h6 8. h5 Bh7 9. Bd3 Bxd3 10. Qxd3 Nf6 11. Bd2 c5 12. O-O-O Nc6 13. Bc3 Qd5 14. Kb1 Rd8 15. dxc5 Qxd3 16. Rxd3 Rxd3 17. cxd3 Bxc5 18. Rf1 Ke7 19. Bxf6+ gxf6 20. Ne4 Bb6 21. a3 f5 22. Nc3 Rg8 23. g3 Nd4 24. Nxd4 Bxd4 25. Ne2 Be5 26. d4 Bd6 27. Nc3 Rg5 28. Rh1 Rg4 29. Rh4 Rxh4 30. gxh4 Bh2 31. Kc2 Bg1 32. Nd1 Kd6 33. Kd3 f6 34. Ne3 Bh2 35. Nc4+ Kd5 36. Ne3+ Kd6 37. Nc4+ Kc6 38. Ne3 Kc7 39. Nf1 Bf4 40. Ne3 Bxe3 41. fxe3 Kd6 42. Kc4 e5 43. dxe5+ Kxe5 0-1


[Site "https://www.chess.com"]

[Event "Titled Tuesday Blitz April 18 Late 2023"]
[White "Rios Escobar, Adan"]
[Black "Kohler, Aran"]
[WhiteFideId "3403645"]
[BlackFideId "1002856"]
[WhiteElo "2487"]
[BlackElo "2263"]
[Result "1-0"]
[Round "07"]
[TimeControl "180+2"]
[Date "2023.04.18"]
[WhiteClock "0:01:11"]
[BlackClock "0:01:55"]

1. d4 Nf6 2. g3 c5 3. d5 d6 4. c4 e6 5. Nc3 exd5 6. cxd5 g6 7. Bg2 Bg7 8. Bf3 O-O 9. h4 h5 10. Nh3 Bxh3 11. Rxh3 a6 12. a4 Nbd7 13. Bf4 Ne5 14. Bxe5 dxe5 15. e4 Ne8 16. g4 hxg4 17. Bxg4 Nd6 18. h5 f5 19. Bf3 g5 20. exf5 Nxf5 21. Be4 Nd4 22. h6 Bf6 23. Qh5 Kh8 24. Qg6 b5 25. Qh7# 1-0


[Site "https://www.chess.com"]

[Event "Titled Tuesday Blitz April 18 Late 2023"]
[White "Goncalves, Davi Sulzbacher"]
[Black "Florianovitz, Derlei Alex"]
[WhiteFideId "2154510"]
[BlackFideId "2114178"]
[WhiteElo "2182"]
[BlackElo "1953"]
[Result "1/2-1/2"]
[Round "07"]
[TimeControl "180+2"]
[Date "2023.04.18"]
[WhiteClock "0:00:11"]
[BlackClock "0:00:07"]

1. c4 c5 2. Nc3 Nc6 3. g3 g6 4. Bg2 Bg7 5. e3 e5 6. Nge2 Nge7 7. O-O O-O 8. Nd5 d6 9. Rb1 a5 10. a3 Be6 11. d3 Rb8 12. Bd2 b5 13. Nec3 b4 14. Ne4 Bxd5 15. cxd5 Nxd5 16. Qa4 Nce7 17. Rfc1 h6 18. f4 f5 19. Nf2 exf4 20. gxf4 Qc7 21. Qb3 bxa3 22. Bxd5+ Kh7 23. Qa2 Rxb2 24. Rxb2 axb2 25. Rb1 a4 26. Bf3 Qa7 27. Qa3 Rb8 28. Bd1 Nd5 29. Qxa4 Qxa4 30. Bxa4 Ra8 31. Bc2 Ra1 32. Nd1 g5 33. e4 Bd4+ 34. Kf1 Nxf4 35. Bxf4 gxf4 36. exf5 Kg7 37. Ke2 Kf6 38. Kf3 Kxf5 39. h3 Ke5 40. Nf2 d5 41. Ng4+ Kf5 42. Nxh6+ Kg5 43. Ng4 Kh4 44. Kxf4 Kxh3 45. Ne5 Bxe5+ 46. Kxe5 c4 47. dxc4 dxc4 48. Kd4 Rxb1 49. Bxb1 Kg3 50. Kc3 Kf4 51. Kxc4 Ke5 52. Kc3 Kd6 53. Kc2 Kc5 54. Kxb2 1/2-1/2


[Site "https://www.chess.com"]

[Event "Titled Tuesday Blitz April 18 Late 2023"]
[White "Liu, Eric"]
[Black "Barria Santos, Jose Guilherme"]
[WhiteFideId "30960240"]
[BlackFideId "1939300"]
[WhiteElo "2094"]
[BlackElo "2266"]
[Result "1-0"]
[Round "07"]
[TimeControl "180+2"]
[Date "2023.04.18"]
[WhiteClock "0:01:49"]
[BlackClock "0:01:21"]

1. b3 e5 2. Bb2 Nc6 3. e3 d5 4. h4 Bd6 5. h5 h6 6. Bb5 Qe7 7. Ne2 Nf6 8. d4 Bd7 9. Bxc6 Bxc6 10. dxe5 Bxe5 11. Bxe5 Qxe5 12. Qd4 Qg5 13. Ng3 O-O 14. Nd2 Rfe8 15. Nf3 Qg4 16. O-O-O Qe6 17. Ne2 a5 18. Nf4 Qd6 19. g4 a4 20. Kb1 axb3 21. cxb3 Qa3 22. Qb2 Qa6 23. g5 d4 24. Nxd4 Bxh1 25. gxf6 Be4+ 26. Ka1 Qe6 27. Nfxe6 1-0


[Site "https://www.chess.com"]

[Event "Titled Tuesday Blitz April 18 Late 2023"]
[White "Lorenzo De La Riva, Lazaro"]
[Black "mjelcic"]
[WhiteFideId "2268809"]
[WhiteElo "2294"]
[BlackElo "2197"]
[Result "1-0"]
[Round "07"]
[TimeControl "180+2"]
[Date "2023.04.18"]
[WhiteClock "0:00:47"]
[BlackClock "0:00:01"]

1. Nf3 Nf6 2. g3 g6 3. Bg2 Bg7 4. O-O O-O 5. b3 b6 6. Bb2 Bb7 7. c4 c5 8. d4 d5 9. cxd5 cxd4 10. Nxd4 Bxd5 11. Nf3 Nbd7 12. Nc3 Bb7 13. Rb1 Rc8 14. Nb5 a6 15. Na3 b5 16. Qd4 Qb6 17. Rfd1 Qxd4 18. Bxd4 Rc7 19. Rbc1 Rfc8 20. Rxc7 Rxc7 21. Nb1 Rc2 22. Ne1 Rc7 23. Nf3 Rc2 24. Nc3 Bxf3 25. Bxf3 b4 26. Na4 Rxa2 27. Rc1 h5 28. Rc7 Ra3 29. Bc6 Nf8 30. Nc5 Nd5 31. Bxd5 Bxd4 32. Rc8 Bxc5 33. Rxc5 Kg7 34. Rc7 Kf6 35. Bc4 Ne6 36. Rc6 a5 37. f4 Ra1+ 38. Kf2 a4 39. bxa4 Rxa4 40. e4 Ra3 41. Rb6 Ra4 42. Bd3 Ra3 43. Bc4 Ra4 44. Bd5 Kg7 45. Rb7 Kf6 46. h3 b3 47. Rxb3 Nc5 48. Rb6+ e6 49. Ke3 Kg7 50. Bc6 Ra3+ 51. Kd4 Nd3 52. Rb7 Nf2 53. Be8 Ra4+ 54. Kc5 Nxe4+ 55. Kb5 1-0


[Site "https://www.chess.com"]

[Event "Titled Tuesday Blitz April 18 Late 2023"]
[White "Jovic, Stanoje"]
[Black "Kovacevic, Radmila"]
[WhiteFideId "905020"]
[BlackFideId "933171"]
[WhiteElo "2236"]
[BlackElo "2194"]
[Result "1-0"]
[Round "07"]
[TimeControl "180+2"]
[Date "2023.04.18"]
[WhiteClock "0:00:48"]
[BlackClock "0:00:12"]

1. c4 e5 2. g3 d5 3. cxd5 Qxd5 4. Nf3 e4 5. Nc3 Qc6 6. Ne5 Qe6 7. Qa4+ Nd7 8. Nxd7 Bxd7 9. Qxe4 Qxe4 10. Nxe4 Bc6 11. f3 f5 12. Nc3 h5 13. h4 Bd6 14. Kf2 Nf6 15. d4 Ng4+ 16. fxg4 Bxh1 17. gxf5 O-O 18. e4 g6 19. Bc4+ Kg7 20. Bg5 gxf5 21. e5 Bc6 22. exd6 cxd6 23. Be7 f4 24. Bxf8+ Rxf8 25. Bd5 fxg3+ 26. Kxg3 Rf5 27. Bxc6 bxc6 28. Re1 Kf7 29. Ne4 Rd5 30. Ng5+ Kf6 31. Rf1+ Ke7 32. Rf4 c5 33. dxc5 Rxc5 34. Re4+ Kd7 35. Re2 a5 36. Rd2 Rb5 37. Ne4 Rb6 38. Kf4 Ke6 39. Rxd6+ Rxd6 40. Nxd6 Kxd6 41. Kg5 Ke5 42. Kxh5 a4 43. Kg6 Kd4 44. h5 Kd3 45. h6 Kc2 46. b4 Kb2 47. h7 Kxa2 48. h8=Q a3 49. Qc3 Kb1 50. Qxa3 1-0


[Site "https://www.chess.com"]

[Event "Titled Tuesday Blitz April 18 Late 2023"]
[White "Gerbelli Neto, Eduardo"]
[Black "Ambartsumova, Karina"]
[WhiteFideId "2103281"]
[BlackFideId "4166299"]
[WhiteElo "2178"]
[BlackElo "2240"]
[Result "0-1"]
[Round "07"]
[TimeControl "180+2"]
[Date "2023.04.18"]
[WhiteClock "0:00:21"]
[BlackClock "0:00:58"]

1. e4 e5 2. Nf3 Nc6 3. Nc3 Nf6 4. d4 exd4 5. Nxd4 Bb4 6. Nxc6 bxc6 7. Bd3 O-O 8. O-O d5 9. exd5 Bg4 10. f3 Bh5 11. dxc6 Qd6 12. Ne4 Qxc6 13. Qe2 Rad8 14. Bg5 Be7 15. Bb5 Qb6+ 16. Be3 Qa5 17. Nxf6+ Bxf6 18. c3 Bg6 19. Bc5 Rfe8 20. Bxe8 Qxc5+ 21. Kh1 Bd3 22. Qf2 Qxf2 23. Rxf2 Rxe8 24. Rd1 Bf5 25. g4 Be6 26. Re2 Rb8 27. a3 g5 28. Kg2 Kg7 29. Red2 Be5 30. h3 Bf4 31. Re2 Bc4 32. Rf2 Be3 33. Rc2 Bb3 0-1


[Site "https://www.chess.com"]

[Event "Titled Tuesday Blitz April 18 Late 2023"]
[White "benny_aizenberg"]
[Black "crosky"]
[WhiteElo "2584"]
[BlackElo "2367"]
[Result "0-1"]
[Round "07"]
[TimeControl "180+2"]
[Date "2023.04.18"]
[WhiteClock "0:00:07"]
[BlackClock "0:00:07"]

1. f4 b6 2. e4 Bb7 3. Nc3 c5 4. Nf3 g6 5. Bc4 Bg7 6. O-O e6 7. e5 d5 8. Bb5+ Nc6 9. d4 Ne7 10. Be3 cxd4 11. Nxd4 O-O 12. Bxc6 Nxc6 13. Nxc6 Bxc6 14. a4 f6 15. exf6 Qxf6 16. Ne2 Qxb2 17. a5 Qxa1 18. Qxa1 Bxa1 19. Rxa1 bxa5 20. Rxa5 a6 21. Nd4 Bd7 22. Nf3 Bb5 23. g3 Rac8 24. Nd4 e5 25. fxe5 Rf1+ 26. Kg2 Re1 27. Kf2 Rf1+ 28. Kg2 Rcf8 29. Nxb5 axb5 30. Rxb5 Re1 31. Bd4 Re2+ 32. Kh3 Rxc2 33. Rxd5 Rd2 34. Rd7 Re8 35. Kg4 h6 36. h4 Ra8 37. e6 Re8 38. Rg7+ Kf8 39. Rf7+ Kg8 40. Be3 Rxe6 41. Bxd2 h5+ 42. Kf3 Kxf7 43. g4 Rf6+ 44. Kg3 Rd6 45. Be3 Rd3 46. Kf4 hxg4 47. Ke4 Ra3 48. Kf4 Ra4+ 49. Kg3 Kf6 50. Bf4 Kf5 51. Bb8 Ra3+ 52. Kg2 Rh3 53. Bg3 Ke4 54. Kf2 Kd3 55. Kg2 Ke2 56. Bf2 Rh2+ 57. Kg3 Rxf2 58. Kxg4 Rg2+ 59. Kf4 Kf1 60. Kf3 Kg1 61. Kf4 Kh2 62. Kf3 Rg1 0-1


[Site "https://www.chess.com"]

[Event "Titled Tuesday Blitz April 18 Late 2023"]
[White "Prieto Aranguren, Alain"]
[Black "Gubajdullin, Alexei"]
[WhiteFideId "2268906"]
[BlackFideId "4141202"]
[WhiteElo "2209"]
[BlackElo "2279"]
[Result "0-1"]
[Round "07"]
[TimeControl "180+2"]
[Date "2023.04.18"]
[WhiteClock "0:00:33"]
[BlackClock "0:01:09"]

1. d4 Nf6 2. c4 g6 3. Nc3 Bg7 4. e4 O-O 5. f3 d6 6. Bg5 Nc6 7. Qd2 a6 8. Bd3 Nxd4 9. Nge2 Nxe2 10. Qxe2 Nd7 11. h4 h6 12. Bd2 Ne5 13. Bc2 c6 14. h5 g5 15. g3 b5 16. cxb5 axb5 17. f4 Bg4 18. Qe3 Nc4 19. Qf2 b4 20. Nd1 Bxd1 21. Rxd1 Nxb2 22. fxg5 Nxd1 23. Kxd1 Rxa2 24. gxh6 Ra1+ 25. Ke2 Rxh1 26. hxg7 Kxg7 27. Qf4 Rh8 28. Qg4+ Kf8 29. h6 Rh2+ 30. Kd1 Rxd2+ 31. Kxd2 Rxh6 32. Bb3 Qb6 33. Qf5 Qd4+ 34. Kc1 Rh1+ 35. Kc2 Qc3# 0-1


[Site "https://www.chess.com"]

[Event "Titled Tuesday Blitz April 18 Late 2023"]
[White "Schuster, Karsten"]
[Black "Bruedigam, Martin"]
[WhiteFideId "4611071"]
[BlackFideId "24608033"]
[WhiteElo "2294"]
[BlackElo "2331"]
[Result "0-1"]
[Round "07"]
[TimeControl "180+2"]
[Date "2023.04.18"]
[WhiteClock "0:00:21"]
[BlackClock "0:01:32"]

1. d4 Nf6 2. c4 e6 3. Nc3 d5 4. cxd5 exd5 5. Bg5 c6 6. Qc2 Be7 7. e3 h6 8. Bh4 O-O 9. Bd3 Re8 10. Nf3 Nbd7 11. O-O Nh5 12. Bxe7 Qxe7 13. Rab1 a5 14. a3 Nhf6 15. b4 axb4 16. axb4 b5 17. Ne2 Bb7 18. Ng3 Nb6 19. Nf5 Qd7 20. Ne5 Qe6 21. Rfc1 Nc4 22. Bxc4 bxc4 23. b5 cxb5 24. Rxb5 Bc8 25. Ng3 Bd7 26. Rb7 Reb8 27. Rxb8+ Rxb8 28. h3 Be8 29. Ra1 g6 0-1


[Site "https://www.chess.com"]

[Event "Titled Tuesday Blitz April 18 Late 2023"]
[White "Lopez Gracia, Fernando"]
[Black "Fajdetic, Hrvoje"]
[WhiteFideId "2207184"]
[BlackFideId "14501945"]
[WhiteElo "2513"]
[BlackElo "2185"]
[Result "0-1"]
[Round "07"]
[TimeControl "180+2"]
[Date "2023.04.18"]
[WhiteClock "0:00:04"]
[BlackClock "0:00:04"]

1. Nf3 f5 2. c4 d6 3. d4 e6 4. Nc3 Nf6 5. g3 Be7 6. Bg2 O-O 7. O-O Ne4 8. Nxe4 fxe4 9. Nd2 d5 10. f3 e3 11. Nb1 c5 12. Bxe3 cxd4 13. Bxd4 Nc6 14. cxd5 Nxd4 15. Qxd4 Bf6 16. Qd2 Qb6+ 17. Kh1 Qxb2 18. Qxb2 Bxb2 19. Nd2 Bxa1 20. Rxa1 exd5 21. Nb3 Bd7 22. f4 Bc6 23. Nd4 Rae8 24. Rc1 Rf6 25. Rc3 g6 26. Kg1 h5 27. Kf2 h4 28. Nf3 hxg3+ 29. hxg3 Kg7 30. Rd3 Re4 31. Nd4 Re7 32. Ra3 a6 33. Rd3 g5 34. f5 g4 35. Rc3 Re5 36. Rc1 Rfxf5+ 37. Nxf5+ Rxf5+ 38. Kg1 Kf6 39. Rd1 Ke5 40. e3 b5 41. Rc1 Kd6 42. a3 a5 43. Rc3 b4 44. axb4 axb4 45. Rc2 Rf8 46. Bf1 b3 47. Rb2 Rb8 48. Kf2 Kc5 49. Be2 Kb4 50. Bxg4 Kc3 51. Rb1 Bb5 52. Rc1+ Kd2 53. Rb1 Bd3 54. Rd1+ Kc3 55. Be6 Bc2 56. Rxd5 b2 57. Rc5+ Kb4 58. Rc4+ Kb5 59. Rxc2 b1=Q 60. Bf5 Qa1 61. g4 Rf8 62. Rd2 Qe5 63. e4 Qf4+ 64. Ke2 Rh8 65. Rd5+ Kc4 0-1


[Site "https://www.chess.com"]

[Event "Titled Tuesday Blitz April 18 Late 2023"]
[White "Przybylski, Wojciech"]
[Black "Garrido, Denis"]
[WhiteFideId "1117599"]
[BlackFideId "601217"]
[WhiteElo "2222"]
[BlackElo "2319"]
[Result "1-0"]
[Round "07"]
[TimeControl "180+2"]
[Date "2023.04.18"]
[WhiteClock "0:00:04"]
[BlackClock "0:00:12"]

1. e4 e6 2. d4 d5 3. exd5 exd5 4. Nf3 Nf6 5. Bd3 c5 6. Qe2+ Be7 7. dxc5 O-O 8. O-O Bxc5 9. h3 Nc6 10. Nc3 Re8 11. Qd1 d4 12. Ne2 h6 13. Ng3 Be6 14. a3 Qd7 15. Re1 Rad8 16. b4 Bb6 17. b5 Na5 18. Ne5 Qc8 19. Qf3 Bd5 20. Qf4 Bc7 21. Nf5 Rxe5 22. Rxe5 Qb8 23. Qg3 Nh5 24. Qh4 Bxe5 25. Qxh5 Qc7 26. Bd2 Nc4 27. Bb4 Nd6 28. Nxh6+ gxh6 29. Qxe5 Nxb5 30. Qf5 Rd6 31. Qh7+ Kf8 32. Re1 Be6 33. Qh8+ Ke7 34. Qxh6 Kd7 35. Bxb5+ Kc8 36. Bxd6 Qxd6 37. Qh8+ Kc7 38. Qh4 Kb6 39. Bd3 a6 40. Rb1+ Ka7 41. Qe4 Bd5 42. Qxd4+ Kb8 43. Qb6 Bc6 44. Bxa6 Qd5 45. Bf1 Kc8 46. c4 Qe4 47. Rd1 Qe7 48. c5 f5 49. a4 f4 50. a5 f3 51. g3 Qf7 52. a6 Bd5 53. a7 1-0


[Site "https://www.chess.com"]

[Event "Titled Tuesday Blitz April 18 Late 2023"]
[White "Chabris, Christopher"]
[Black "Erzhanov, Arman"]
[WhiteFideId "2005263"]
[BlackFideId "4138821"]
[WhiteElo "2303"]
[BlackElo "2138"]
[Result "0-1"]
[Round "07"]
[TimeControl "180+2"]
[Date "2023.04.18"]
[WhiteClock "0:00:06"]
[BlackClock "0:01:23"]

1. e4 d6 2. d4 Nf6 3. Nc3 c6 4. f4 d5 5. e5 Ng8 6. Bd3 h5 7. Be3 g6 8. Qd2 Nh6 9. Nf3 Bf5 10. O-O-O Bxd3 11. Qxd3 e6 12. g3 Be7 13. h3 Qa5 14. Kb1 Na6 15. Nd2 O-O-O 16. Nb3 Qc7 17. Na4 Kb8 18. Rc1 Rdg8 19. a3 g5 20. c4 gxf4 21. Bxf4 dxc4 22. Rxc4 Qd7 23. Na5 Nf5 24. Rhc1 Rc8 25. Qb3 Ka8 26. Qc3 Bd8 27. Nb3 Bb6 28. Nxb6+ axb6 29. a4 Rhd8 30. g4 hxg4 31. hxg4 Ne7 32. Bg5 Nd5 33. Qd2 Rg8 34. Be3 Rxg4 35. a5 b5 36. R4c2 Ndb4 37. Rc3 Qd5 38. Bf2 Rg2 39. Qe3 Rcg8 0-1


[Site "https://www.chess.com"]